 Dungeon Crawl Stone Soup version 0.22-a0-142-g91cc6d7 (webtiles) character file.

54 KristoblXynda the Slasher (level 3, 0/29 HPs)
             Began as a Draconian Gladiator on Feb 6, 2018.
             Slain by an adder (3 damage)
             ... on level 2 of the Dungeon.
             The game lasted 00:01:23 (1218 turns).

KristoblXynda the Slasher (Draconian Gladiator)     Turns: 1218, Time: 00:01:23

Health: 0/29       AC:  5    Str: 16    XL:     3   Next: 66%
Magic:  3/3        EV: 13    Int:  9    God:
Gold:   118        SH:  0    Dex: 12    Spells: 2/2 levels left

rFire    . . .     SeeInvis .   a - +0 long sword
rCold    . . .     Gourm    .   (no shield)
rNeg     . . .     Faith    .   (armour unavailable)
rPois    .         Spirit   .   b - +0 hat
rElec    .         Reflect  .   (no cloak)
rCorr    .         Harm     .   (no gloves)
MR       .....                  (no boots)
Stlth    +.........             (no amulet)
HPRegen  0.09/turn              (no ring)
MPRegen  0.08/turn              (no ring)

@: lethally poisoned (0 -> -2)
A: unfitting armour, cold-blooded, AC +5
a: no special abilities


You were on level 2 of the Dungeon.
You were not hungry.

You visited 1 branch of the dungeon, and saw 2 of its levels.

You collected 118 gold pieces.

Inventory:

Hand Weapons
 a - a +0 long sword (weapon)
Missiles
 c - 3 throwing nets (quivered)
Armour
 b - a +0 hat (worn)
Scrolls
 g - 5 scrolls of identify {unknown}
 j - a scroll of enchant weapon {unknown}
 l - a scroll of magic mapping {unknown}
 m - a scroll of amnesia {unknown}
 n - a scroll of remove curse {unknown}
Potions
 e - a potion of cancellation {unknown}
 f - 2 potions of lignification {unknown}
 h - a potion of magic {unknown}
 i - a potion of mutation {unknown}
 k - 2 potions of curing {unknown}
Comestibles
 d - 5 rations


   Skills:
 - Level 2.1 Fighting
 * Level 4.0 Long Blades
 - Level 2.0 Throwing
 + Level 3.3 Dodging


You had 2 spell levels left.
You didn't know any spells.

Dungeon Overview and Level Annotations

Branches:
Dungeon (2/15)

Altars:
Ashenzari


Innate Abilities, Weirdness & Mutations

Your plain brown scales are hard. (AC +5)
You cannot fit into any form of body armour.
You are cold-blooded and may be slowed by cold attacks.


Message History

You barely miss the adder.
The adder is moderately wounded.
The adder bites you but does no damage. The adder bites you.
* * * LOW HITPOINT WARNING * * *
You are poisoned.
The adder poisons you!
You barely miss the adder.
Your tail-slap misses the adder.
The adder is moderately wounded.
* * * LOW HITPOINT WARNING * * *
You feel sick. The adder misses you.
You hit the adder.
Your tail-slap misses the adder.
The adder is heavily wounded.
The adder misses you.
You riposte.
You closely miss the adder.
Your tail-slap misses the adder.
The adder is heavily wounded.
The adder misses you.
You barely miss the adder.
The adder is heavily wounded.
The adder bites you.
You die...

#....#+#.......
#(...#_#.............##
#....###.........!....#
#####......†........#......
...........†...#.#........#
########.................##
# ####.)....#........# #
####....######.........
#...).......@SS.......#
##.#...#################
#..........# ##
#..........###########
.###.....(....##........#
..............##(.......#
..............##........#
...#....(.....##........#
........................#


You could see 2 adders.

Vanquished Creatures
  2 adders (D:2)
  2 worms (D:2)
  A dart slug (D:2)
  A leopard gecko (D:2)
  A giant cockroach (D:2)
  3 goblins
  6 jackals (D:2)
  2 quokkas (D:2)
  A bat (D:1)
  4 kobolds
  5 rats
28 creatures vanquished.

Notes
Turn   | Place    | Note
-------+----------+-------------------------------------------
     0 | D:1      | KristoblXynda the Draconian Gladiator began the quest for the Orb.
     0 | D:1      | Reached XP level 1. HP: 17/17 MP: 1/1
   710 | D:2      | Reached XP level 2. HP: 9/24 MP: 2/2
  1084 | D:2      | Reached XP level 3. HP: 21/29 MP: 3/3
  1154 | D:2      | Found a shattered altar of Ashenzari.
  1192 | D:2      | Reached skill level 4 in Long Blades
  1218 | D:2      | Slain by an adder

Vault maps used:
D:1:      minmay_arrival_stone_box, minivault_14
D:2:      vehumet_crystals, ashenzari_conservatory_becter

Skill      XL: |  1  2  3 |
---------------+----------+-----
Throwing       | 2 |  2.0
Dodging        | 3 |  3.3
Long Blades    | 4 |  4.0
Fighting       | |  2.1

Action                   || total
-------------------------++-------
Melee: Long sword        ||    84
       Tailslap          ||    14
  Eat: Chunk             ||     1
Armor: Skin              ||    29
Dodge: Dodged            ||    69
       Rpst.: Long sword ||    19

Table legend:
 A = Spawn XP
 B = Non-spawn XP
 C = Spawn XP percentage of total XP
 D = Spawn monster count
 E = Non-spawn monster count
 F = Spawn count percentage of total count
 G = Total turns spent on level
                    A         B        C        D         E        F      G
               +---------+---------+-------+---------+---------+-------+---------
         Total |       0 |      78 |   0.0 |       0 |      28 |   0.0 |  1218
               +---------+---------+-------+---------+---------+-------+---------
           D:1 |       0 |      10 |   0.0 |       0 |       8 |   0.0 |   702
           D:2 |       0 |      68 |   0.0 |       0 |      20 |   0.0 |   516
               +---------+---------+-------+---------+---------+-------+---------
